[Event "Team 45 45 League T36"]
[Site "Internet Chess Club"]
[Date "2008.02.09"]
[Round "3"]
[White "RedAttack"]
[Black "andreip"]
[Result "1-0"]
[WhiteElo "1985"]
[BlackElo "2024"]
[Opening "Caro-Kann defense"]
[ECO "B10"]
[Time "14:10:18"]
[TimeControl "2700+45"]

1. e4 c6 2. f4 d5 3. e5 Bf5 4. Nf3 e6 5. d4 a6 6. c4 dxc4 7. Bxc4 Nd7 8. O-O Ne7
9. Nc3 Nb6 10. Bb3 Ned5 11. Ng5 h5 12. a4 a5 13. h3 h4 14. Qf3 Be7 15. Nge4 Qd7
16. Bd2 O-O-O 17. Nxd5 exd5 18. Ng5 Bb4 19. Bxb4 axb4 20. a5 Nc4 21. Qe2 Rhf8
22. a6 b5 23. Bc2 Bxc2 24. e6 fxe6 25. a7 Kb7 26. Nxe6 Ka8 27. Nxf8 Rxf8 28.
Qxc2 b3 29. Qxb3 Re8 30. Qb4 Ne3 31. Rfc1 Qe6 32. Qc3 {Black resigns} 1-0

[Event "Team 45 45 League T36"]
[Site "Internet Chess Club"]
[Date "2008.02.08"]
[Round "3"]
[White "primerpaso"]
[Black "andrew28"]
[Result "1-0"]
[WhiteElo "1904"]
[BlackElo "1791"]
[Opening "English opening"]
[ECO "A10"]
[Time "19:06:45"]
[TimeControl "2700+45"]

1. c4 d6 2. Nc3 g6 3. g3 Nf6 4. Bg2 Bg7 5. e4 Nc6 6. Nge2 O-O 7. d4 Bg4 8. f3
Bd7 9. O-O e5 10. Be3 exd4 11. Nxd4 Ne5 12. Qe2 c5 13. Ndb5 Be6 14. Na3 a6 15.
Rad1 Qe7 16. Rd2 Ne8 17. Rfd1 f5 18. Nd5 Qf7 19. Rf1 Nc6 20. b3 Nd4 21. Qd1 Nc7
22. Nc2 Bxd5 23. exd5 Nxc2 24. Qxc2 b5 25. Re2 Rfe8 26. Rfe1 bxc4 27. bxc4 Rab8
28. Kf1 Rb2 29. Qd3 Rbb8 30. Bg5 Rxe2 31. Rxe2 Rb1+ 32. Qxb1 h6 33. Qb8+ Kh7 34.
Re7 Qg8 35. Qxc7 hxg5 36. Rxg7+ Qxg7 37. Qxg7+ Kxg7 38. Ke2 Kf6 39. f4 gxf4 40.
gxf4 g5 41. fxg5+ Kxg5 42. Kf3 a5 43. a4 f4 44. Bh3 Kh4 45. Bc8 Kg5 46. Bd7 Kh4
47. Kxf4 Kh5 48. Kf5 Kh4 49. Kf6 Kh5 50. Ke7 Kg5 51. Kxd6 Kf6 52. Kxc5 Ke7 53.
Bg4 Kd8 54. Kd6 Ke8 55. c5 Kd8 56. c6 Ke8 57. c7 {Black resigns} 1-0

[Event "Team 45 45 League T36"]
[Site "Internet Chess Club"]
[Date "2008.02.10"]
[Round "3"]
[White "rojito"]
[Black "gugamircea"]
[Result "0-1"]
[WhiteElo "1711"]
[BlackElo "1636"]
[Opening "Benko's opening"]
[ECO "A00"]
[Time "12:06:57"]
[TimeControl "2700+45"]

1. g3 d5 2. d4 Nf6 3. c4 dxc4 4. Bg2 e5 5. Nf3 Nc6 6. Qa4 exd4 7. Ne5 Qd6 8.
Nxc6 Bd7 9. Qxc4 Bxc6 10. Bxc6+ Qxc6 11. Qxc6+ bxc6 12. O-O Be7 13. Nd2 O-O 14.
Nc4 Nd5 15. Rd1 c5 16. e3 Bf6 17. exd4 cxd4 18. Bd2 Nb6 19. Rac1 Rfd8 20. Bb4 d3
21. Ba3 Rd7 22. Na5 Re8 23. Nb3 Na4 24. Nc5 Nxc5 25. Rxc5 Re2 26. Rb5 h6 27.
Rb8+ Kh7 28. Rb3 c5 29. Bxc5 Rxb2 30. Rxb2 Bxb2 31. Be3 Kg6 32. Kg2 Kf5 33. Kf3
h5 34. h3 Ke5 35. g4 hxg4+ 36. hxg4 Bc3 37. Rh1 Kd5 38. Rd1 Kc4 39. Ke4 d2 40.
f4 Re7+ 41. Kf3 Kd3 42. Bc5 Re1 {White resigns} 0-1

[Event "Team 45 45 League T36"]
[Site "Internet Chess Club"]
[Date "2008.02.08"]
[Round "3"]
[White "Victorianum"]
[Black "Shereshevsky"]
[Result "0-1"]
[WhiteElo "1658"]
[BlackElo "1485"]
[Opening "Trompowsky attack (Ruth, Opocenský opening)"]
[ECO "A45"]
[Time "11:59:12"]
[TimeControl "2700+45"]

1. d4 Nf6 2. Bg5 g6 3. Bxf6 exf6 4. Nf3 Bg7 5. e4 O-O 6. Bc4 d6 7. O-O f5 8. e5
dxe5 9. Nxe5 Nd7 10. f4 Nxe5 11. fxe5 Kh8 12. c3 c5 13. Na3 a6 14. Re1 b5 15.
Qf3 Rb8 16. e6 fxe6 17. Bxe6 Bxe6 18. Rxe6 cxd4 19. Rd1 Qc8 20. Rc6 Qb7 21. cxd4
Rbc8 22. Rxc8 Qxc8 23. Qe2 Re8 24. Qd2 Qe6 25. b3 Qe4 26. Nc2 Qe2 27. d5 Qxd2
28. Rxd2 Rd8 29. Nb4 Bc3 30. Nc6 Bxd2 31. Nxd8 Ba5 32. Nc6 Bc7 33. h3 Kg7 34.
Kf2 Kf6 35. Ke3 Bd6 36. a4 bxa4 37. bxa4 h5 38. Kd4 g5 39. Kc4 f4 40. Nb4 Bxb4
41. Kxb4 g4 42. hxg4 hxg4 43. Kc3 f3 44. gxf3 g3 {White resigns} 0-1

[Event "Team 45 45 League T36"]
[Site "Internet Chess Club"]
[Date "2008.02.12"]
[Round "3"]
[White "ivanson"]
[Black "Fysh"]
[Result "0-1"]
[WhiteElo "1855"]
[BlackElo "1846"]
[Opening "French: Tarrasch, open, 4.ed ed"]
[ECO "C08"]
[Time "14:00:13"]
[TimeControl "2700+45"]

1. e4 e6 2. d4 d5 3. Nd2 c5 4. exd5 exd5 5. Ngf3 Bd6 6. Bb5+ Bd7 7. Bxd7+ Nxd7
8. dxc5 Nxc5 9. O-O Ne7 10. Re1 O-O 11. Nb3 Ne4 12. Nbd4 Qb6 13. c3 Nc6 14. Qc2
Rfe8 15. Be3 Bc5 16. Nb3 Bxe3 17. Rxe3 Nf6 18. Rae1 Rxe3 19. Rxe3 Re8 20. Rxe8+
Nxe8 21. Qf5 Ne7 22. Qe5 Qc7 23. Qe3 b6 24. Nbd4 Nd6 25. Qd3 Qc4 26. Qe2 Ne4 27.
Qxc4 dxc4 28. Nb5 a6 29. Nbd4 f6 30. Kf1 Kf7 31. Ke2 Nd5 32. Ne1 g6 33. f3 Nc5
34. Kd2 Ke7 35. b3 cxb3 36. axb3 Kd6 37. Nd3 Nxd3 38. Kxd3 Nf4+ 39. Ke3 Nxg2+
40. Kf2 Nf4 41. Ke3 Ne6 42. Ne2 a5 43. Kd3 b5 44. c4 Kc5 45. cxb5 Kxb5 46. Kc3
g5 47. Ng3 Nc5 48. Nf5 Nd7 49. Nd6+ Kc5 50. Nb7+ Kb6 51. Nd6 Ne5 52. Ne4 Nxf3
53. Nxf6 Nxh2 54. Nxh7 g4 55. Ng5 g3 56. Nh3 Kc5 57. Nf4 Nf3 58. Ng2 Ng5 59. Nf4
Ne4+ 60. Kb2 Nf6 61. Ka3 Nd5 62. Ng2 Kb5 63. Ne1 Ne3 64. Kb2 g2 65. Nf3 Kb4 66.
Ng1 Nd1+ 67. Ka2 Ne3 68. Kb2 Nf5 69. Ka2 Nd4 {White resigns} 0-1

[Event "Team 45 45 League T36"]
[Site "Internet Chess Club"]
[Date "2008.02.09"]
[Round "3"]
[White "clarnibass"]
[Black "AlterEgo"]
[Result "1-0"]
[WhiteElo "1809"]
[BlackElo "1615"]
[Opening "Caro-Kann: classical, Spassky variation"]
[ECO "B19"]
[Time "04:22:18"]
[TimeControl "2700+45"]

1. e4 c6 2. d4 d5 3. Nc3 dxe4 4. Nxe4 Bf5 5. Ng3 Bg6 6. h4 h6 7. Nf3 Nd7 8. h5
Bh7 9. Bd3 Bxd3 10. Qxd3 Ngf6 11. Bf4 e6 12. O-O-O Be7 13. Kb1 O-O 14. Ne4 Nxe4
15. Qxe4 Nf6 16. Qe2 Qd5 17. Ne5 Qe4 18. Qxe4 Nxe4 19. Be3 Rfd8 20. c4 Bg5 21.
Bxg5 Nxg5 22. Rhe1 Nh7 23. Re3 c5 24. Red3 cxd4 25. Rxd4 Rxd4 26. Rxd4 f6 27.
Ng6 Nf8 28. Nxf8 Kxf8 29. Rd7 Rb8 30. Kc2 Kg8 31. Kc3 Kf8 {Black resigns} 1-0

[Event "Team 45 45 League T36"]
[Site "Internet Chess Club"]
[Date "2008.02.10"]
[Round "3"]
[White "SidVicious"]
[Black "alastorx"]
[Result "0-1"]
[WhiteElo "1850"]
[BlackElo "1839"]
[Opening "Réti opening"]
[ECO "A04"]
[Time "10:01:08"]
[TimeControl "2700+45"]

1. Nf3 e6 2. e3 d5 3. b3 Nf6 4. Bb2 Bd6 5. Ne5 c5 6. Bb5+ Bd7 7. Nxd7 Nbxd7 8.
Bxd7+ Qxd7 9. f4 O-O-O 10. a4 d4 11. O-O dxe3 12. dxe3 Ne4 13. Na3 Rhg8 14. Qe2
g5 15. Rad1 Qc6 16. Nb5 Bb8 17. Rxd8+ Kxd8 18. fxg5 a6 19. Nc3 Nxg5 20. Rd1+ Kc8
21. Rd2 Qc7 22. g3 Qc6 23. e4 f5 24. Rd3 c4 25. bxc4 Ba7+ 26. Re3 Nxe4 27. Qf3
Nxc3 {White resigns} 0-1

[Event "Team 45 45 League T36"]
[Site "Internet Chess Club"]
[Date "2008.02.09"]
[Round "3"]
[White "Egmont"]
[Black "Rainbird"]
[Result "1-0"]
[WhiteElo "1752"]
[BlackElo "1750"]
[Opening "French: Winawer (Nimzovich) variation"]
[ECO "C15"]
[Time "10:14:22"]
[TimeControl "2700+45"]

1. e4 e6 2. d4 d5 3. Nc3 Bb4 4. Bd3 Ne7 5. Bd2 Nbc6 6. a3 Bxc3 7. Bxc3 e5 8. Bb5
O-O 9. exd5 Qxd5 10. Bxc6 Nxc6 11. Qf3 e4 12. Qe3 Bg4 13. h3 Bh5 14. g4 Bg6 15.
Ne2 Rad8 16. Nf4 Nxd4 17. Nxd5 Nxc2+ 18. Ke2 Nxe3 19. Nxe3 f5 20. gxf5 Bh5+ 21.
Ke1 c6 22. Rg1 Rd7 23. Rg5 Bf3 24. Kf1 Rff7 25. Kg1 Rd6 26. Nc4 Rh6 27. Kh2 Rd7
28. Ne5 Rd3 29. Nxd3 exd3 30. Bxg7 Rh4 31. Bc3+ Kf7 32. Kg3 {Black resigns} 1-0

[Event "Team 45 45 League T36"]
[Site "Internet Chess Club"]
[Date "2008.02.07"]
[Round "3"]
[White "Langshaw"]
[Black "chinta"]
[Result "1-0"]
[WhiteElo "1733"]
[BlackElo "1643"]
[Opening "QGD: semi-Slav, Noteboom variation"]
[ECO "D31"]
[Time "15:04:15"]
[TimeControl "2700+45"]

1. d4 e6 2. c4 d5 3. Nc3 dxc4 4. Nf3 c6 5. e3 b5 6. a4 Bb4 7. Bd2 Bxc3 8. Bxc3
a5 9. axb5 cxb5 10. b3 b4 11. Bxb4 Nc6 12. Bc5 cxb3 13. Qxb3 Rb8 14. Qa4 Bd7 15.
Bb5 Rxb5 16. Qxb5 Nxd4 17. Qb2 Nxf3+ 18. gxf3 f6 19. Qb6 Qxb6 20. Bxb6 a4 21.
O-O Ne7 22. Bc5 Nd5 23. Rfb1 Ne7 24. Rb8+ Nc8 25. Rxa4 Kf7 26. Rab4 Rd8 27. R4b7
Ke8 28. Bb4 Ne7 29. Rxd8+ Kxd8 30. Rb8+ Kc7 31. Rh8 Nd5 32. Ba5+ Kd6 33. Rxh7 g5
34. Bd8 Bc6 35. Rg7 Ke5 36. Kg2 Kd6 37. Kg3 e5 38. Rg6 Ke6 39. e4 Kf7 40. exd5
{Black resigns} 1-0

[Event "Team 45 45 League T36"]
[Site "Internet Chess Club"]
[Date "2008.02.09"]
[Round "3"]
[White "BrerRabbit"]
[Black "Konstantinos"]
[Result "0-1"]
[WhiteElo "1580"]
[BlackElo "1657"]
[Opening "QGD Slav: 4.e3"]
[ECO "D11"]
[Time "10:32:26"]
[TimeControl "2700+45"]

1. d4 d5 2. c4 c6 3. Nf3 Nf6 4. e3 Bg4 5. Qb3 b6 6. Ne5 Bh5 7. cxd5 Nxd5 8. Nc3
Nxc3 9. bxc3 e6 10. f3 Bd6 11. Nd3 O-O 12. Qc2 Bg6 13. e4 Qc7 14. e5 Be7 15. Be2
Bh4+ 16. g3 Be7 17. O-O c5 18. Qd2 cxd4 19. cxd4 Nc6 20. Bb2 Rfd8 21. Rac1 Qb7
22. Qe3 h6 23. f4 Qd7 24. Bf3 Rac8 25. Rfd1 Nb4 26. Nxb4 Bxb4 27. Kg2 Rxc1 28.
Rxc1 Rc8 29. Rxc8+ Qxc8 30. Qc1 Qxc1 31. Bxc1 Bb1 32. a3 Bc3 33. Be3 Ba2 34. Bd1
Kf8 35. a4 Bc4 36. h4 a6 37. d5 Bxd5+ 38. Kf2 b5 39. axb5 axb5 40. Bc2 Ba2 41.
g4 b4 42. Kg3 b3 43. Bd3 b2 44. h5 b1=Q 45. Bxb1 Bxb1 46. g5 Bf5 {White resigns}
0-1

[Event "Team 45 45 League T36"]
[Site "Internet Chess Club"]
[Date "2008.02.12"]
[Round "3"]
[White "chesskilleruk"]
[Black "alexcolins"]
[Result "1-0"]
[WhiteElo "2317"]
[BlackElo "1833"]
[Opening "Sicilian: closed"]
[ECO "B23"]
[Time "20:01:02"]
[TimeControl "2700+45"]

1. e4 c5 2. Nc3 g6 3. f4 Bg7 4. Nf3 Nc6 5. Bc4 e6 6. O-O Nge7 7. Qe1 O-O 8. d3
d5 9. Bb3 a6 10. a4 Na5 11. Ba2 Nac6 12. Kh1 Nb4 13. Bb1 Bd7 14. Nd1 dxe4 15.
dxe4 Nbc6 16. c3 Qc7 17. Qh4 f5 18. Ba2 h6 19. e5 Nd5 20. Ne3 Nce7 21. a5 Nxe3
22. Bxe3 Nd5 23. Bxd5 exd5 24. Qe7 Rfc8 25. Nh4 Be8 26. Qxc7 Rxc7 27. Rad1 Rd8
28. Rd2 Kh7 29. Rfd1 Bf7 30. Nf3 Be6 31. Ne1 Bf8 32. Bf2 Rcd7 33. h3 Kg7 34. Nd3
d4 35. cxd4 cxd4 36. Rc1 Kf7 37. Rdc2 Bd5 38. Bh4 Be7 39. e6+ Kxe6 40. Nc5+ Bxc5
41. Bxd8 Rxd8 42. Rxc5 d3 43. R5c3 Be4 44. Kg1 Rd4 45. Re1 Kd6 46. b3 Rb4 47.
Kf2 Kd5 48. Ke3 g5 49. g3 b5 50. axb6 Rxb6 51. Ra1 gxf4+ 52. Kxf4 Kd4 53. Rc4+
Kd5 54. Ra5+ Rb5 55. Rxa6 Rxb3 56. Rc8 Kd4 57. Ra4+ Kd5 58. g4 d2 59. Rd8+ Ke6
60. Ra6+ Ke7 61. Rxd2 Rf3+ 62. Ke5 Rxh3 63. Ra7+ Ke8 64. gxf5 Bh1 65. Rb2 Re3+
66. Kf6 Kf8 67. Rf7+ {Black resigns} 1-0

Per a new league policy, the result is being changed to set game.

[Event "Team 45 45 League T36"]
[Site "Internet Chess Club"]
[Date "2008.02.11"]
[Round "3"]
[White "lele"]
[Black "azbycx"]
[Result "1-0"]
[WhiteElo "1896"]
[BlackElo "1854"]
[Opening "Döry defense"]
[ECO "E10"]
[Time "07:33:35"]
[TimeControl "2700+45"]

1. d4 Nf6 2. Nf3 e6 3. c4 Ne4 4. Qc2 Bb4+ 5. Nc3 d5 6. e3 O-O 7. Bd3 f5 8. O-O
c6 9. Bd2 Qe7 10. a3 Bxc3 11. Bxc3 Rf6 12. Bb4 Qe8 13. Rac1 Nd7 14. a4 a5 15.
Ba3 Rh6 16. Qe2 Qh5 17. h3 g5 18. Ne5 g4 19. Bxe4 dxe4 20. Be7 gxh3 21. Qxh5
Rxh5 22. gxh3 Nxe5 23. dxe5 Kf7 24. Bf6 Bd7 25. Rcd1 Rg8+ 26. Kh2 Be8 27. Rd8 b5
28. Rb8 bxc4 29. Rb7+ Kf8 30. Rd1 Rg6 31. Rd8 Rg8 32. Re7 {Black resigns} 1-0

[Event "Team 45 45 League T36"]
[Site "Internet Chess Club"]
[Date "2008.02.16"]
[Round "3"]
[White "deathmage"]
[Black "FiendAngelical"]
[Result "0-1"]
[WhiteElo "1703"]
[BlackElo "1862"]
[Opening "Sicilian: Sveshnikov variation"]
[ECO "B33"]
[Time "14:05:42"]
[TimeControl "2700+45"]

1. e4 c5 2. Nf3 Nc6 3. d4 cxd4 4. Nxd4 Nf6 5. Nc3 e5 6. Ndb5 d6 7. Bg5 a6 8. Na3
b5 9. Bxf6 gxf6 10. Nd5 f5 11. c3 Bg7 12. exf5 Bxf5 13. g3 Be4 14. f3 Bxd5 15.
Qxd5 Ne7 16. Qd3 O-O 17. Bg2 Rb8 18. O-O f5 19. Nc2 d5 20. Rad1 a5 21. Ne3 Qb6
22. Kh1 e4 23. fxe4 dxe4 24. Qe2 b4 25. cxb4 Qxb4 26. b3 Kh8 27. Nd5 Nxd5 28.
Rxd5 a4 29. Rdxf5 Rxf5 30. Rxf5 axb3 31. axb3 Rd8 32. Qxe4 Rd1+ 33. Rf1 Rxf1+
34. Bxf1 Qxe4+ {White resigns} 0-1

[Event "Team 45 45 League T36"]
[Site "Internet Chess Club"]
[Date "2008.02.08"]
[Round "3"]
[White "Capamuerte"]
[Black "MrPetrov"]
[Result "1/2-1/2"]
[WhiteElo "2228"]
[BlackElo "2196"]
[Opening "Queen's pawn game"]
[ECO "D04"]
[Time "20:04:06"]
[TimeControl "2700+45"]

1. d4 d5 2. e3 Nf6 3. Nf3 Nbd7 4. Nc3 c6 5. Bd3 e6 6. O-O Bd6 7. a4 O-O 8. a5 e5
9. Be2 Qc7 10. dxe5 Nxe5 11. Nd2 Neg4 12. g3 Bxg3 13. hxg3 Nxe3 14. fxe3 Qxg3+
15. Kh1 Qh3+ 16. Kg1 Qg3+ 17. Kh1 Qh3+ 18. Kg1 Qg3+ {Game drawn by repetition}
1/2-1/2

[Event "Team 45 45 League T36"]
[Site "Internet Chess Club"]
[Date "2008.02.11"]
[Round "3"]
[White "frank001"]
[Black "Neo-Myshkin"]
[Result "1-0"]
[WhiteElo "1802"]
[BlackElo "1935"]
[Opening "French: advance, Paulsen attack"]
[ECO "C02"]
[Time "14:46:18"]
[TimeControl "2700+45"]

1. e4 e6 2. d4 d5 3. e5 c5 4. c3 Nc6 5. Nf3 Qb6 6. a3 f6 7. exf6 Nxf6 8. b4 cxd4
9. cxd4 Bd6 10. Be2 O-O 11. O-O e5 12. dxe5 Nxe5 13. Bb2 Neg4 14. Bd4 Qc7 15. g3
Ne5 16. Nc3 Be6 17. Rc1 Nxf3+ 18. Bxf3 Qd7 19. Bxf6 Rxf6 20. Bxd5 Kh8 21. Bxe6
Qxe6 22. Qd5 Qxd5 23. Nxd5 Rf3 24. Ne3 a5 25. Rfd1 Bf8 26. Kg2 Rf7 27. Rd4 axb4
28. axb4 Ra2 29. Rc2 Ra4 30. Rc8 g6 31. Re8 Kg7 32. f4 Rxb4 33. Rdd8 Rb2+ 34.
Kh3 b5 35. Ng4 Rb3 36. Ne5 Rxf4 37. Rd7+ Kg8 38. Ng4 Rbf3 39. Kg2 Rf1 40. Nh6+
Kh8 41. gxf4 {Black resigns} 1-0

[Event "Team 45 45 League T36"]
[Site "Internet Chess Club"]
[Date "2008.02.10"]
[Round "3"]
[White "Razorbackchess"]
[Black "andrew28"]
[Result "0-1"]
[WhiteElo "1759"]
[BlackElo "1806"]
[Opening "English opening"]
[ECO "A10"]
[Time "16:06:26"]
[TimeControl "2700+45"]

1. c4 d6 2. g3 Nf6 3. Bg2 e5 4. e4 Nc6 5. Nc3 Bg4 6. f3 Be6 7. d3 h5 8. h3 Be7
9. Nge2 Qd7 10. f4 exf4 11. Nxf4 O-O-O 12. Nxe6 fxe6 13. Be3 a6 14. d4 d5 15.
exd5 exd5 16. Nxd5 Rhe8 17. O-O Bd6 18. Bf4 Bxf4 19. Rxf4 Nxd5 20. cxd5 Nb4 21.
Qxh5 Nd3 22. Rf7 Qb5 23. Qg4+ Kb8 24. Qxg7 Qxb2 25. Raf1 Re2 26. Bh1 Qd2 27.
R7f3 Ne1 28. R3f2 Rde8 29. Qf7 Qxd4 30. Qf4 Qb2 31. d6 cxd6 32. Qxd6+ Ka8 33.
Qxa6+ Kb8 34. Qd6+ Ka8 35. Rf8 Rg2+ {White resigns} 0-1

[Event "Team 45 45 League T36"]
[Site "Internet Chess Club"]
[Date "2008.02.11"]
[Round "3"]
[White "Bumaye"]
[Black "WesleyCrusher"]
[Result "1/2-1/2"]
[WhiteElo "2232"]
[BlackElo "2122"]
[Opening "Petrov three knights game"]
[ECO "C42"]
[Time "15:01:06"]
[TimeControl "2700+45"]

1. e4 e5 2. Nf3 Nf6 3. Nc3 Bb4 4. Nxe5 d6 5. Nd3 Bxc3 6. dxc3 Nxe4 7. Qe2 O-O 8.
Be3 Nc6 9. O-O-O Re8 10. g3 Bd7 11. Bg2 Nf6 12. Qd2 Bg4 13. Rdf1 Bf5 14. Re1 Be4
15. f3 Bxd3 16. cxd3 Nd5 17. Bf2 Qf6 18. f4 Nb6 19. Bf3 a5 20. g4 a4 21. g5 Qf5
22. Be4 Qd7 23. d4 d5 24. Bd3 Rxe1+ 25. Rxe1 Re8 26. Rg1 Na5 27. Qc2 Qh3 28. Bg3
Qh5 29. Qf2 Nac4 30. Re1 Rxe1+ 31. Qxe1 Kf8 32. b3 axb3 33. axb3 Nd6 34. h4 Qf3
35. Kc2 Ne4 36. Bh2 Qg2+ 37. Qe2 Qxe2+ 38. Bxe2 f5 39. Bf3 {Game drawn by mutual
agreement} 1/2-1/2

[Event "Team 45 45 League T36"]
[Site "Internet Chess Club"]
[Date "2008.02.10"]
[Round "3"]
[White "zamolxis"]
[Black "zenith"]
[Result "0-1"]
[WhiteElo "2060"]
[BlackElo "2289"]
[Opening "Queen's pawn game"]
[ECO "A32"]
[Time "05:20:14"]
[TimeControl "2700+45"]

1. d4 Nf6 2. c4 e6 3. Nf3 c5 4. Nc3 cxd4 5. Nxd4 Bb4 6. Nb5 d5 7. Qa4 Nc6 8. a3
Bxc3+ 9. Nxc3 d4 10. Nb1 O-O 11. g3 Bd7 12. Bg2 Rc8 13. Qc2 Ne5 14. Bxb7 Rxc4
15. Qd1 Qc7 16. Nd2 Qxb7 {White resigns} 0-1

[Event "Team 45 45 League T36"]
[Site "Internet Chess Club"]
[Date "2008.02.12"]
[Round "3"]
[White "playwaycool05"]
[Black "Monsoon-Smith"]
[Result "1-0"]
[WhiteElo "2246"]
[BlackElo "1992"]
[Opening "Trompowsky attack (Ruth, Opocenský opening)"]
[ECO "A45"]
[Time "20:04:08"]
[TimeControl "2700+45"]

1. d4 Nf6 2. Bg5 g6 3. Bxf6 exf6 4. e3 Bg7 5. h4 O-O 6. h5 d6 7. hxg6 fxg6 8.
Ne2 Qe7 9. Nf4 c6 10. Nc3 d5 11. Qf3 Re8 12. Ncxd5 cxd5 13. Qxd5+ Qf7 14. Qxf7+
Kxf7 15. Bc4+ Kf8 16. Rxh7 Bf5 17. g4 g5 18. Rxg7 Kxg7 19. Nh5+ Kh6 20. gxf5 Rc8
21. Be6 Rc6 22. Nxf6 Rxc2 23. e4 Nc6 24. Ng4+ Kg7 25. f6+ Kf8 26. Bb3 Nxd4 27.
Bd5 Nf3+ 28. Kf1 Re8 29. Kg2 Nh4+ 30. Kg3 Rxb2 31. Rc1 Ng6 32. Rc7 Ne5 33. Rh7
{Black resigns} 1-0

[Event "Team 45 45 League T36"]
[Site "Internet Chess Club"]
[Date "2008.02.09"]
[Round "3"]
[White "baumhauer"]
[Black "Stoneheart"]
[Result "1/2-1/2"]
[WhiteElo "1981"]
[BlackElo "1967"]
[Opening "Réti opening"]
[ECO "A30"]
[Time "03:03:40"]
[TimeControl "2700+45"]

1. Nf3 c5 2. c4 g6 3. Nc3 Bg7 4. d4 cxd4 5. Nxd4 Nc6 6. Nc2 Bxc3+ 7. bxc3 Nf6 8.
f3 O-O 9. e4 d6 10. Bh6 Re8 11. Qd2 Be6 12. Rb1 Rb8 13. Nd4 a6 14. Be2 Qa5 15.
O-O Nxd4 16. cxd4 Qxd2 17. Bxd2 Rec8 18. Rfc1 Bd7 19. Rb2 b5 20. Rcb1 Ra8 21.
Bg5 Kg7 22. a4 bxc4 23. Rb7 Bxa4 24. Rxe7 Bb5 25. Rc1 h6 26. Bf4 Ne8 27. e5 dxe5
28. Bxe5+ Kf8 29. Rb7 Ng7 30. d5 Re8 31. Bd6+ Kg8 32. Bxc4 Rac8 33. Bc7 Bxc4 34.
Rxc4 Re7 35. Kf2 Rd7 36. d6 Rxd6 37. Re4 Rd7 38. Rc4 Ne8 39. Rb8 Rcxc7 40. Rxe8+
Kg7 41. Rxc7 Rxc7 42. Ra8 Rc6 43. h4 h5 44. g4 hxg4 45. fxg4 Kf6 46. Ra7 Ke6 47.
h5 gxh5 48. gxh5 Kf6 49. h6 Kg6 50. h7 Rf6+ 51. Kg3 Kxh7 52. Kg4 Kg6 53. Ra8 Rb6
54. Kf4 Kf6 55. Ke4 Kg5 56. Rg8+ Rg6 57. Ra8 f5+ 58. Ke5 f4 59. Rf8 Rb6 60. Rf5+
Kg6 61. Rxf4 {Game drawn by mutual agreement} 1/2-1/2

[Event "Team 45 45 League T36"]
[Site "Internet Chess Club"]
[Date "2008.02.09"]
[Round "3"]
[White "ThuG"]
[Black "spacecadet"]
[Result "1/2-1/2"]
[WhiteElo "2217"]
[BlackElo "2120"]
[Opening "Sicilian: dragon, classical attack"]
[ECO "B72"]
[Time "10:05:11"]
[TimeControl "2700+45"]

1. e4 c5 2. Nf3 d6 3. d4 cxd4 4. Nxd4 Nf6 5. Nc3 g6 6. Be3 Bg7 7. Be2 Bd7 8. Qd2
Nc6 9. O-O O-O 10. f4 Bg4 11. Nxc6 bxc6 12. h3 Bxe2 13. Qxe2 Qa5 14. Rfb1 Rab8
15. Qf2 Rb7 16. Bd2 Rfb8 17. b3 Qa3 18. Qe3 Nd7 19. Kh2 Nc5 20. Rd1 Ne6 21. Qd3
Qc5 22. Na4 Qb5 23. c4 Qh5 24. Rac1 g5 25. fxg5 Be5+ 26. Kh1 Nxg5 27. Qe3 Ne6
28. c5 Bf4 29. Qf3 Qxf3 30. gxf3 {Game drawn by mutual agreement} 1/2-1/2

[Event "Team 45 45 League T36"]
[Site "Internet Chess Club"]
[Date "2008.02.09"]
[Round "3"]
[White "searchforbobby1"]
[Black "Ozgur-Bjk"]
[Result "1/2-1/2"]
[WhiteElo "2183"]
[BlackElo "2157"]
[Opening "Sicilian: Alapin's variation (2.c3)"]
[ECO "B22"]
[Time "16:07:34"]
[TimeControl "2700+45"]

1. e4 c5 2. c3 d5 3. exd5 Qxd5 4. d4 Nf6 5. Nf3 e6 6. Na3 a6 7. Nc4 Nbd7 8. Bg5
Be7 9. Be2 O-O 10. O-O b5 11. Bxf6 Bxf6 12. Nfd2 Rb8 13. Bf3 Qf5 14. Nd6 Qf4 15.
N2e4 cxd4 16. cxd4 Be7 17. g3 Qh6 18. Rc1 Nf6 19. Qb3 Nxe4 20. Nxc8 Rbxc8 21.
Rxc8 Rxc8 22. Bxe4 Rc1 23. Rxc1 Qxc1+ 24. Kg2 Qd2 25. Qc3 {Game drawn by mutual
agreement} 1/2-1/2

[Event "Team 45 45 League T36"]
[Site "Internet Chess Club"]
[Date "2008.02.12"]
[Round "3"]
[White "EUPHRATES"]
[Black "keisher415"]
[Result "0-1"]
[WhiteElo "2091"]
[BlackElo "1977"]
[Opening "English opening"]
[ECO "A05"]
[Time "09:01:24"]
[TimeControl "2700+45"]

1. Nf3 Nf6 2. c4 g6 3. Nc3 Bg7 4. g3 O-O 5. Bg2 d5 6. cxd5 Nxd5 7. O-O c5 8. Qb3
e6 9. d3 Nc6 10. Bd2 b6 11. Nxd5 exd5 12. Bg5 Qd7 13. Nd2 Nd4 14. Qxd5 Rb8 15.
e3 Ne2+ 16. Kh1 Qxd5 17. Bxd5 Bxb2 18. Rae1 Nc3 19. Bg2 Nxa2 20. Bf4 Rb7 21.
Bxb7 Bxb7+ 22. Kg1 Nb4 23. Bh6 Rd8 24. Rd1 Nxd3 25. Nc4 Bf6 26. Rd2 Ba6 27. Na3
b5 28. Rfd1 c4 29. Nc2 Bc3 30. Re2 Bb7 31. e4 a5 32. Na3 Ba6 33. Rc2 Bb4 34. Nb1
Bb7 35. f3 f5 36. Bg5 Re8 37. Re2 fxe4 38. fxe4 Bc5+ 39. Kf1 Bc8 40. Kg2 Bg4 41.
Rdd2 Bxe2 42. Rxe2 b4 43. Ra2 c3 44. Kf3 c2 {White resigns} 0-1

[Event "Team 45 45 League T36"]
[Site "Internet Chess Club"]
[Date "2008.02.11"]
[Round "3"]
[White "Checkmates"]
[Black "Goji"]
[Result "1-0"]
[WhiteElo "2433"]
[BlackElo "2180"]
[Opening "Queen's pawn: English defense"]
[ECO "A40"]
[Time "11:44:59"]
[TimeControl "2700+45"]

1. d4 b6 2. c4 Bb7 3. Nc3 g6 4. e4 Bg7 5. Be3 d6 6. Qd2 Nf6 7. f3 Nc6 8. Nge2
Qd7 9. d5 Ne5 10. Nd4 c5 11. dxc6 Nxc6 12. Nxc6 Bxc6 13. Bh6 Bxh6 14. Qxh6 O-O-O
15. O-O-O Qc7 16. Kb1 Rhg8 17. Nd5 {Black forfeits on time} 1-0

[Event "Team 45 45 League T36"]
[Site "Internet Chess Club"]
[Date "2008.02.10"]
[Round "3"]
[White "PandorasBox"]
[Black "jorobo"]
[Result "1/2-1/2"]
[WhiteElo "1969"]
[BlackElo "2129"]
[Opening "Queen's bishop game"]
[ECO "D02"]
[Time "15:08:15"]
[TimeControl "2700+45"]

1. d4 d5 2. Nf3 Nf6 3. Bf4 c6 4. Nbd2 h6 5. e3 Bf5 6. Be2 e6 7. O-O Nh5 8. Be5
Nd7 9. Nb3 Nxe5 10. dxe5 g5 11. Nbd4 Bg6 12. c4 Be7 13. Nxc6 bxc6 14. Nd4 Ng7
15. Nxc6 Qd7 16. cxd5 exd5 17. Bb5 Kf8 18. Rc1 Ne6 19. Ba4 Kg7 20. f4 gxf4 21.
exf4 Bc5+ 22. Kh1 Be3 23. Rc3 Bxf4 24. Nd4 Qe7 25. Nxe6+ Qxe6 26. Rxf4 {Game
drawn by mutual agreement} 1/2-1/2

[Event "Team 45 45 League T36"]
[Site "Internet Chess Club"]
[Date "2008.02.08"]
[Round "3"]
[White "HocusPocus"]
[Black "Maurycy"]
[Result "1-0"]
[WhiteElo "2072"]
[BlackElo "1764"]
[Opening "Scandinavian (center counter) defense"]
[ECO "B01"]
[Time "07:58:40"]
[TimeControl "2700+45"]

1. e4 d5 2. exd5 Qxd5 3. Nc3 Qa5 4. d4 Nf6 5. Nf3 Ne4 6. Qd3 Nxc3 7. bxc3 Bf5 8.
Qb5+ Qxb5 9. Bxb5+ c6 10. Bd3 Bxd3 11. cxd3 Nd7 12. a4 e6 13. Be3 Bd6 14. Kd2
O-O 15. Ng5 e5 16. Rab1 exd4 17. Bxd4 b6 18. g3 c5 19. Be3 Rfe8 20. Ne4 Bc7 21.
c4 Be5 22. Nc3 Bxc3+ 23. Kxc3 Ne5 24. h3 Nc6 25. Rb5 Rac8 26. Ra1 Na5 27. Rab1
f6 28. Rxa5 bxa5 29. Rb5 Re5 30. Rxa5 Kf8 31. Rxa7 Re7 32. Ra5 Rec7 33. Rb5 Ke8
34. a5 Rc6 35. a6 Rxa6 36. Bxc5 Kd7 37. d4 Ra2 38. d5 h5 39. Be3 Raa8 40. c5
Rcb8 41. c6+ Kc8 42. Kc4 Rxb5 43. Kxb5 Kc7 44. Bf4+ Kc8 45. h4 Ra1 46. Kc5 Ra2
47. Be3 g5 48. hxg5 fxg5 49. Bxg5 Rxf2 50. Kd4 Rg2 51. d6 {Black resigns} 1-0